 Dungeon Crawl Stone Soup version 0.24-a0-70-gf44d0c5 (webtiles) character file.

Game seed: 3610779982432930154

809 Moebius the Slinger (level 8, 0/54 HPs)
             Began as a Halfling Hunter on Feb 6, 2019.
             Was a Follower of Okawaru.
             Slain by a bullfrog simulacrum (7 damage)
             ... on level 4 of the Dungeon.
             The game lasted 00:22:12 (4530 turns).

Moebius the Slinger (Halfling Hunter)               Turns: 4530, Time: 00:22:13

Health: 0/54       AC:  5    Str: 13    XL:     8   Next: 15%
Magic:  9/9        EV: 15    Int:  9    God:    Okawaru [*.....]
Gold:   186        SH:  0    Dex: 17    Spells: 7/7 levels left

rFire    . . .     SeeInvis .   i - +0 dagger (flame)
rCold    . . .     Gourm    .   (shield restricted)
rNeg     . . .     Faith    .   k - +0 robe (curse)
rPois    .         Spirit   .   (no helmet)
rElec    .         Reflect  .   p - +1 cloak
rCorr    .         Harm     .   l - +0 pair of gloves
MR       .....                  (no boots)
Stlth    ++........             (no amulet)
HPRegen  0.18/turn              (no ring)
MPRegen  0.11/turn              (no ring)

@: no status effects
A: small, mutation resistance 1
a: Heroism, Renounce Religion


You were on level 4 of the Dungeon.
You worshipped Okawaru.
Okawaru was aware of your devotion.
You were hungry.

You visited 2 branches of the dungeon, and saw 6 of its levels.

You collected 186 gold pieces.

Inventory:

Hand Weapons
 a - a +2 hunting sling
 b - a +0 short sword
 i - a +0 dagger of flaming (weapon)
Missiles
 g - 53 arrows
 h - 53 stones (quivered)
 j - 19 poisoned needles
Armour
 c - a +0 leather armour
 k - a cursed +0 robe (worn)
 l - a +0 pair of gloves (worn)
 p - a +1 cloak (worn)
Jewellery
 v - an uncursed ring of resist corrosion
Wands
 m - a wand of scattershot (3)
 n - a wand of digging (7)
Scrolls
 e - a scroll of magic mapping
 o - 2 scrolls of remove curse {unknown}
 r - a scroll of blinking {unknown}
 t - a scroll of fog {unknown}
 x - a scroll of teleportation
Potions
 d - a potion of heal wounds {unknown}
 q - a potion of might {unknown}
 s - a potion of flight
 w - a potion of curing
Comestibles
 f - 7 rations


   Skills:
 + Level 4.0 Fighting
 + Level 4.4 Short Blades
 + Level 10.1 Slings
 - Level 2.1 Dodging
 - Level 1.9 Stealth
 * Level 2.2 Invocations


You had 7 spell levels left.
You didn't know any spells.
Your spell library was empty.

Dungeon Overview and Level Annotations

Branches:
Dungeon (5/15)             Temple (1/1) D:4

Altars:
Ashenzari
Cheibriados
Dithmenos
Elyvilon
Fedhas
Kikubaaqudgha
Makhleb
Nemelex Xobeh
Okawaru
Ru
Vehumet
Wu Jian
Xom
Yredelemnul
Zin
The Shining One

Annotations:
D:3 Sigmund


Innate Abilities, Weirdness & Mutations

You are small and have problems with some larger weapons.
You are somewhat resistant to further mutation.


Message History

Your Fighting skill increases to level 4!
You are too injured to fight recklessly!
You hit the bullfrog simulacrum.
You melt the bullfrog simulacrum.
The bullfrog simulacrum is moderately damaged.
The bullfrog simulacrum hits you.
* * * LOW HITPOINT WARNING * * *
The bullfrog simulacrum freezes you.
* * * LOW HITPOINT WARNING * * *
You hit the bullfrog simulacrum but do no damage.
The bullfrog simulacrum is moderately damaged.
The bullfrog simulacrum hits you but does no damage.
You hit the bullfrog simulacrum.
You melt the bullfrog simulacrum.
The bullfrog simulacrum is severely damaged.
The bullfrog simulacrum closely misses you.
You hit the bullfrog simulacrum.
You melt the bullfrog simulacrum.
The bullfrog simulacrum is almost destroyed.
The bullfrog simulacrum hits you.
* * * LOW HITPOINT WARNING * * *
The bullfrog simulacrum freezes you!
You die...

≈≈.....#5.W=.?#..Z'.##.#
≈≈.....#.ZZ..##...(.##.#
≈.##..##..5..#....#(#..#
#.[#..#.....##.Z..#(#.##
......#...###....##(#.#
......##....Z...##..#.#
.......# ...Z5###..##.#
.##....## #####..Z###.#
###..#..###.....@## #.#
..............#..## #.#
.......#..###.....# #.#
.........######...###.#
..................>...#
.....###.########....##
)....# ### ##...# .....#
##.## ###### ###


You could see a bullfrog simulacrum.

Vanquished Creatures
  Grinder (D:4)
  Duvessa (D:4)
  Dowan (D:4)
  The ghost of Duffy the Chopper, a weakling NaGl (D:4)
  A hound (D:3)
  An orc priest (D:3)
  2 iguanas (D:4)
  Ijyb (D:4)
  Natasha (thrice) (D:2)
  Terence (D:3)
  6 adders
  2 white imps (D:4)
  An adder skeleton (D:4)
  4 worms
  An adder simulacrum (D:4)
  4 dart slugs
  5 leopard geckos
  7 orcs
  A giant cockroach (D:3)
  6 goblins
  8 hobgoblins
  9 jackals
  4 quokkas
  3 ball pythons
  A bat (D:1)
  3 frilled lizards (D:3)
  4 kobolds
  8 rats
90 creatures vanquished.

Notes
Turn   | Place    | Note
-------+----------+-------------------------------------------
     0 | D:1      | Moebius the Halfling Hunter began the quest for the Orb.
     0 | D:1      | Reached XP level 1. HP: 14/14 MP: 1/1
    74 | D:1      | Reached skill level 6 in Slings
   253 | D:1      | Reached XP level 2. HP: 19/19 MP: 2/2
   782 | D:2      | Reached XP level 3. HP: 24/24 MP: 3/3
   855 | D:3      | Noticed Sigmund
   922 | D:2      | Reached skill level 7 in Slings
  1052 | D:2      | Reached XP level 4. HP: 29/29 MP: 4/4
  1067 | D:2      | Noticed Natasha
  1080 | D:2      | Killed Natasha
  1116 | D:2      | Reached skill level 8 in Slings
  1271 | D:2      | Noticed Natasha
  1276 | D:2      | Killed Natasha
  1276 | D:2      | Reached XP level 5. HP: 34/34 MP: 5/5
  1323 | D:2      | Noticed Natasha
  1328 | D:2      | Killed Natasha
  1758 | D:3      | Noticed Terence
  1955 | D:4      | Noticed Ijyb
  1989 | D:4      | Killed Ijyb
  1989 | D:4      | Reached skill level 9 in Slings
  1989 | D:4      | Reached XP level 6. HP: 26/41 MP: 6/6
  2126 | D:3      | Reached skill level 1 in Short Blades
  2452 | D:3      | Killed Terence
  3263 | D:3      | Found a faded altar of an unknown god.
  3450 | D:4      | Found a runed translucent gate.
  3450 | D:4      | Found a runed translucent gate.
  3450 | D:4      | Found a runed translucent gate.
  3511 | D:5      | Entered Level 5 of the Dungeon
  3551 | D:4      | Noticed Grinder
  3551 | D:4      | Noticed Dowan
  3573 | D:4      | Found a snail-covered altar of Cheibriados.
  3717 | D:4      | Reached XP level 7. HP: 46/46 MP: 7/7
  3777 | D:4      | Noticed Duvessa
  3867 | D:4      | Found a staircase to the Ecumenical Temple.
  3883 | Temple   | Entered the Ecumenical Temple
  4086 | Temple   | Became a worshipper of Warmaster Okawaru
  4169 | D:4      | Killed Grinder
  4169 | D:4      | Reached * piety under Okawaru
  4169 | D:4      | Reached skill level 1 in Invocations
  4271 | D:4      | Noticed Duffy's ghost (weakling NaGl)
  4336 | D:4      | Killed Duvessa
  4348 | D:4      | Killed Dowan
  4348 | D:4      | Reached skill level 10 in Slings
  4348 | D:4      | Reached XP level 8. HP: 41/54 MP: 9/9
  4504 | D:4      | Killed Duffy's ghost
  4530 | D:4      | Slain by a bullfrog simulacrum

Vault maps used:
D:1:      dpeg_arrival_rhombus, layout_basic, lemuel_another_geyser
D:2:      kennysheep_big_flooded_room, layout_rooms, uniq_natasha
D:3:      layout_rooms, chequers_ecumenical_altar_island, minmay_pentomino_pile,
          uniq_terence, uniq_sigmund
D:4:      layout_rooms, kennysheep_slug_shrine,
          minmay_temple_entry_glassed_door, gammafunk_ghost_icy, first_ration,
          minmay_misc_feat_cross, uniq_ijyb, uniq_grinder, uniq_duvessa
D:5:      layout_basic, kennysheep_little_box, minmay_fractal_squares_diagonal_5
Temple:   regret_index_temple_generic_petals

Skill      XL: |  1  2  3  4  5  6  7  8 |
---------------+-------------------------+-----
Slings         | 6 7 8 9 10 | 10.1
Fighting       | 2 3 4 |  4.0
Short Blades   | 3 4 |  4.4
Invocations    | 2 |  2.2
Dodging        | |  2.1
Stealth        | |  1.9

Action                   |  1- 3 |  4- 6 |  7- 9 || total
-------------------------+-------+-------+-------++-------
Melee: Short sword       |       |   150 |       ||   150
       Dagger            |       |    56 |    40 ||    96
 Fire: Hunting sling     |    77 |    93 |    62 ||   232
  Use: Scroll            |     6 |     3 |       ||     9
       Potion            |     1 |     3 |     1 ||     5
  Eat: Chunk             |       |     5 |     2 ||     7
       Ration            |       |     1 |       ||     1
Armor: Robe              |     5 |    41 |     7 ||    53
Dodge: Dodged            |    13 |   150 |    26 ||   189

Table legend:
 A = Non-vault XP
 B = Vault XP
 C = Vault XP percentage of total XP
 D = Non-vault monster count
 E = Vault monster count
 F = Vault count percentage of total count
                 A         B        C        D         E       F
            +---------+---------+-------+---------+---------+-------
      Total |     447 |     710 |  61.4 |      73 |      17 |  18.9
            +---------+---------+-------+---------+---------+-------
        D:1 |      22 |       0 |   0.0 |      12 |       0 |   0.0
        D:2 |     132 |      40 |  23.3 |      20 |       3 |  13.0
        D:3 |     194 |      43 |  18.1 |      35 |       5 |  12.5
        D:4 |      99 |     627 |  86.4 |       6 |       9 |  60.0
            +---------+---------+-------+---------+---------+-------
